Zazza, neutral female human Tourist ------ |.....# |`...|### ------------ .^...| # +..........| |.%.)-####%############### |..........| -.---- # ---- ## |...<......| ---------- # .[.`|# |....{.....| |........| ### |..>.# |..........| |........| # +.{.|####-..........| ----- #.........| #### |...| ------------ |.%.| ###|.........### -------.- ----- |.@H| # |........| # |.......| |..%%#### |........| ###|.......| |...| ---------- #........| |...| |.*.....| |...| |.......| ----- --------- Zazza the Peregrinatrix Experience level: 10 Strength: 18/05 Dexterity: 16 Constitution: 18 Intelligence: 13 Wisdom: 9 Charisma: 18 Health: 80(102) Energy: 38(39) Def: 17 Gold: 223 Moves: 24625 Dungeon seed: DtpVIyNQKe6GoFN- Game ID: Zazza_1575323569 Your Inventory: Coins $ - 223 gold pieces Amulets I - an uncursed amulet versus poison (being worn) Weapons f - 6 +0 daggers s - 28 +2 darts N - 17 +0 darts P - a blessed +0 elven dagger (weapon in hand) Armor e - an uncursed +2 dwarvish mithril-coat (being worn) p - an uncursed +0 elven leather helm (being worn) w - an uncursed +0 pair of iron shoes (being worn) y - an uncursed +2 pair of leather gloves (being worn) Y - an uncursed +0 alchemy smock (being worn) Comestibles K - 2 uncursed fortune cookies M - 2 uncursed tripe rations O - 5 uncursed food rations S - 5 uncursed lumps of royal jelly Rings b - an uncursed ring of free action (on left hand) l - an uncursed ring of polymorph control (on right hand) H - an uncursed ring of protection from shape changers L - an uncursed ring of fire resistance Wands h - a wand of probing (0:5) j - a wand of light (0:12) r - a wand of sleep (0:5) t - a wand of slow monster (0:3) A - a wand of teleportation (0:4) J - a wand of magic missile (0:4) Q - a wand of digging (0:4) Tools d - a blessed bag of holding k - an uncursed skeleton key m - a magic marker (0:33) u - an uncursed mirror W - an uncursed blindfold Gems i - an uncursed luckstone n - 2 uncursed jade stones Contents of the bag of holding: 6385 gold pieces an uncursed cockatrice egg an uncursed eucalyptus leaf 3 uncursed food rations 2 uncursed fortune cookies an uncursed pear 2 uncursed slime molds 2 uncursed tins of dwarf meat an uncursed tin of gray ooze 5 uncursed tripe rations an uncursed scroll of confuse monster an uncursed scroll of identify an uncursed spellbook of detect monsters 2 blessed potions of extra healing a +0 pick-axe a tinning kit (0:63) Spells and supernatural/magical abilities: Name Level Category Fail Memory W - pray for help -- divine ? -- Your skills at the end: Fighting Skills Weapon Skills dagger [Expert] dart [Basic] Spellcasting Skills Final Attributes: You were piously aligned. You were fire resistant. You were cold resistant. You were poison resistant. You were acid resistant. You were telepathic. You had automatic searching. You could teleport. You were protected. You had polymorph control. You were fast. You had free action. You were lucky. You had extra luck. Bad luck did not time out for you. Good luck did not time out for you. You are dead. Vanquished creatures: a skeleton a queen bee 3 giant mimics a large mimic a couatl 9 small mimics a large dog a large cat a tengu an ochre jelly a mountain centaur a stone giant 2 elf mummies a leather golem 2 crocodiles a giant beetle a cockatrice 3 wolves 5 winter wolf cubs a spotted jelly 5 leprechauns an iron piercer a mumak 2 giant spiders 2 ice vortices 2 forest centaurs 3 gnome kings 2 orc mummies an ogre an owlbear 2 yetis 3 gold golems a Green-elf 2 dogs 2 dingos 2 jaguars 2 dwarf lords 3 blue jellies 2 dust vortices 2 ravens 4 plains centaurs 2 gnome mummies a snake 8 human zombies 2 rope golems a Woodland-elf a soldier ant 30 fire ants a bugbear 2 wood nymphs a water nymph 2 mountain nymphs 17 Mordor orcs an orc shaman 4 rock piercers 2 rock moles 3 ponies a fog cloud 7 yellow lights 5 shriekers 2 violet fungi 22 gnome lords 6 gnomish wizards 3 kobold mummies a red naga hatchling 2 guardian naga hatchlings 6 gray oozes a ghoul a paper golem 2 baby crocodiles 4 giant ants 8 floating eyes 22 dwarves a homunculus 2 kobold lords 3 kobold shamans 15 hill orcs 12 rothes a rabid rat a centipede 3 giant bats a monkey 8 orc zombies 4 dwarf zombies 5 wererats a werejackal 7 iguanas 19 killer bees 5 acid blobs 12 coyotes 5 gas spores 13 hobbits 12 manes 5 large kobolds a hobgoblin 7 giant rats 10 cave spiders 2 brown molds 6 yellow molds 2 green molds 4 red molds 68 gnomes 5 garter snakes 5 gnome zombies 20 geckos 10 jackals 5 foxes 3 kobolds 8 goblins 11 sewer rats 22 grid bugs 4 bats 14 lichens 4 kobold zombies 14 newts 614 creatures vanquished. Voluntary challenges: You had been an atheist until turn 2095. You used a wielded weapon 1163 times, starting on turn 3573. You read items or engraved 37 times, starting on turn 385. You never genocided any monsters. You never polymorphed an object. You changed form 2 times, starting on turn 12952. You used no wishes. You never split a pudding. You wrote Elbereth's name 18 times, starting on turn 386. You violated your moral code, losing 91 points of alignment, starting on turn 11471. Dungeon overview: The Dungeons of Doom: levels 1 to 14 Level 1 some fountains a long staircase Level 2 Level 3 a general store, some fountains stairs to The Gnomish Mines Level 4 Level 5 some fountains Level 6 a delicatessen, an altar to The Lady, a fountain Level 7 many fountains Level 8 stairs to Sokoban Level 9 a fountain Level 10 a fountain Level 11 a fountain Level 12 some fountains Level 13 Level 14 <- You were here some fountains a magic portal The Gnomish Mines: levels 4 to 11 Level 4 stairs to The Dungeons of Doom Level 5 Level 6 many shops, a temple to Offler, some fountains, some trees Level 7 Level 8 Level 9 Level 10 Level 11 Sokoban: levels 4 to 7 Level 4 Level 5 Level 6 Level 7 stairs to The Dungeons of Doom History has recorded: On T:1 you entered the Dungeons of Doom to retrieve the Amulet of Yendor! On T:326 you reached level 2 of The Dungeons of Doom. On T:703 you reached level 3 of The Dungeons of Doom. On T:1327 you reached level 4 of The Dungeons of Doom. On T:1512 you advanced to experience level 2. On T:1604 you reached level 5 of The Dungeons of Doom. On T:1992 you reached level 6 of The Dungeons of Doom. On T:2468 you advanced to experience level 3. On T:3384 you reached level 1 of The Gnomish Mines. On T:3780 you advanced to experience level 4. On T:3809 you reached level 2 of The Gnomish Mines. On T:4507 you reached level 3 of The Gnomish Mines. On T:7976 you advanced to experience level 5. On T:8709 you reached level 7 of The Dungeons of Doom. On T:9478 you reached level 8 of The Dungeons of Doom. On T:9543 you advanced to experience level 6. On T:9897 you reached level 4 of Sokoban. On T:10301 you reached level 3 of Sokoban. On T:12113 you advanced to experience level 7. On T:12320 you reached level 4 of The Gnomish Mines. On T:12707 you reached level 5 of The Gnomish Mines. On T:13423 you reached level 6 of The Gnomish Mines. On T:14057 you reached level 7 of The Gnomish Mines. On T:14267 you advanced to experience level 8. On T:15935 you reached level 2 of Sokoban. On T:16535 you reached level 1 of Sokoban. On T:18958 you advanced to experience level 9. On T:20039 you reached level 8 of The Gnomish Mines. On T:21725 you reached level 9 of The Dungeons of Doom. On T:21994 you reached level 10 of The Dungeons of Doom. On T:22261 you reached level 11 of The Dungeons of Doom. On T:22505 you reached level 12 of The Dungeons of Doom. On T:23407 you advanced to experience level 10. On T:23951 you reached level 13 of The Dungeons of Doom. On T:24453 you reached level 14 of The Dungeons of Doom. Score breakdown: Gold: 5780 (12797 points) Experience: 10 levels (16712 points) Exploration: 14 levels ( 26.92%) (15146 points) Discoveries: 60 items ( 20.13%) (13461 points) Valuables value: (no points given unless you survive) Artifact value: 0 ( 0 points) Variety of kills: 115 monsters ( 30.18%) (16481 points) Turncount: 24625 turns (-3709 points) Survival: died (score multiplied by 80%) Total score: 56710 Latest messages: You see here 2 lumps of royal jelly. S - 2 lumps of royal jelly. The killer bee misses. You kill the killer bee! The killer bee stings! You kill the killer bee! You see here a killer bee corpse. You hit the killer bee. The killer bee misses. The killer bee stings! You kill the killer bee! You see here a lump of royal jelly. S - a lump of royal jelly. You see here a lump of royal jelly. S - a lump of royal jelly. The stone giant picks up a food ration. You hit the stone giant! (2x) You hit the stone giant. The stone giant zaps an aluminum wand! The death ray whizzes by you! The death ray bounces! The death ray hits you! Final status: Aloha Zazza the Tourist, killed by a death ray... You died in The Dungeons of Doom on dungeon level 14 with 56710 points, and 6608 pieces of gold, after 24625 moves. You were level 10 with a maximum of 102 hit points when you died.